 Dungeon Crawl Stone Soup version 0.28-a0-1520-gc3277d3759 (webtiles) character file.

Game seed: 7103567937604232819

125 sanka the Conjurer (level 5, 0/37 HPs)
             Began as a Gnoll Conjurer on Jan 17, 2022.
             Succumbed to an adder's poison
             ... on level 2 of the Dungeon.
             The game lasted 00:03:07 (2262 turns).

sanka the Conjurer (Gnoll Conjurer)                 Turns: 2262, Time: 00:03:08

Health: 0/37       AC:  2    Str:  6    XL:     5   Next: 9%
Magic:  3/12       EV: 13    Int: 19    God:
Gold:   72         SH:  0    Dex: 11    Spells: 11/14 levels left

rFire   . . .      SeeInvis .   b - +2 short sword (elec)
rCold   . . .      Faith    .   (no shield)
rNeg    . . .      Spirit   .   a - +0 robe
rPois   .          Reflect  .   (no helmet)
rElec   .          Harm     .   (no cloak)
rCorr   .          Rampage  .   (no gloves)
Will    .....                   (no boots)
Stlth   ++........              (no amulet)
HPRegen 0.12/turn               (no ring)
MPRegen 0.13/turn               (no ring)

@: lethally poisoned (0 -> -1)
A: fangs 1, strong nose, distributed training
a: no special abilities


You were on level 2 of the Dungeon.
You visited 1 branch of the dungeon, and saw 3 of its levels.

You collected 72 gold pieces.


Innate Abilities, Weirdness & Mutations

You have very sharp teeth.
Your uncanny sense of smell can sniff out nearby items.
Your experience applies equally to all skills.


   Skills:
 + Level 1.3 Fighting
 + Level 1.3 Short Blades
 + Level 1.3 Long Blades
 + Level 1.3 Axes
 + Level 1.3 Maces & Flails
 + Level 1.3 Polearms
 + Level 1.3 Staves
 + Level 1.3 Slings
 + Level 1.3 Bows
 + Level 1.3 Crossbows
 + Level 1.3 Throwing
 + Level 1.3 Armour
 + Level 4.7 Dodging
 + Level 4.3 Stealth
 + Level 1.3 Shields
 + Level 1.3 Unarmed Combat
 + Level 5.1 Spellcasting
 + Level 7.1 Conjurations
 + Level 1.1 Hexes
 + Level 1.1 Summonings
 + Level 1.1 Necromancy
 + Level 1.1 Translocations
 + Level 1.1 Transmutations
 + Level 1.1 Fire Magic
 + Level 1.1 Ice Magic
 + Level 1.1 Air Magic
 + Level 1.1 Earth Magic
 + Level 1.1 Poison Magic
 + Level 1.5 Invocations
 + Level 1.3 Evocations


You had 11 spell levels left.
You knew the following spells:

 Your Spells              Type           Power      Damage    Failure   Level
x - Searing Ray           Conj           64%        2d6       1%          2
z - Magic Dart            Conj           100%       1d8       1%          1

Your spell library contained the following spells:

 Spells                   Type           Power      Damage    Failure   Level
 Dazzling Flash           Conj/Hex       40%        N/A       7%          3
 Fulminant Prism          Conj/Hex       10%        3d9       22%         4
 Iskenderun's Mystic Bla  Conj/Tloc      20%        2d6       22%         4

Inventory:

Hand Weapons
 b - a +2 short sword of electrocution (weapon)
Armour
 a - a +0 robe (worn)
Jewellery
 g - a ring of protection from fire
Wands
 e - a wand of polymorph (8)
Scrolls
 c - a scroll of immolation {unknown}
 d - a scroll of noise {unknown}
 f - a scroll of identify {unknown}

Dungeon Overview and Level Annotations

Branches:
Dungeon (3/15)

Altars:
Vehumet

Annotations:
D:2 Jessica

▒.........+ ...
▒.........▒....
▒.........▒....
▒...>..........
▒..............
▒.....?........
▒▒▒▒▒▒▒▒..............
▒.....▒ ▒@▒ ▒.....▒
▒g▒ ▒.....▒▒▒▒▒▒▒▒.▒
▒..............▒
▒........▒▒▒▒▒▒▒
▒▒▒▒▒....▒▒▒▒▒▒▒▒
▒▒▒.........▒
▒.........▒ ▒▒▒▒
▒.........▒ ▒▒▒▒▒▒...▒
▒...).....▒ ▒........▒


You could see Jessica (fast).


Message History

The magic dart hits Jessica.
Jessica is severely wounded.
You feel sick. Jessica closely misses you.
Jessica hits you with a +3 vampiric dagger.
Jessica draws strength from your wounds!
The magic dart hits Jessica but does no damage.
Jessica is heavily wounded.
You feel sick.
Jessica hits you with a +3 vampiric dagger.
Jessica draws strength from your wounds!
Unknown command.
The magic dart hits Jessica.
Jessica is heavily wounded.
You feel sick.
Jessica hits you with a +3 vampiric dagger.
* * * LOW HITPOINT WARNING * * *
Jessica draws strength from your wounds!
Jessica hits you with a +3 vampiric dagger.
* * * LOW HITPOINT WARNING * * *
Jessica draws strength from your wounds!
The magic dart hits Jessica.
Jessica is heavily wounded.
You feel sick.
Jessica hits you with a +3 vampiric dagger!
* * * LOW HITPOINT WARNING * * *
Jessica draws strength from your wounds!
The magic dart hits Jessica.
Jessica is severely wounded.
You die...

Action                   |  1- 3 |  4- 6 || total
-------------------------+-------+-------++-------
Melee: Short sword       |    31 |    42 ||    73
       Bite              |     3 |     7 ||    10
       Unarmed           |       |     5 ||     5
       Punch             |       |     2 ||     2
 Cast: Magic Dart        |    48 |    33 ||    81
 Stab: Sleeping          |     1 |       ||     1
Armor: Robe              |    11 |     7 ||    18
       Skin              |       |     2 ||     2
Dodge: Dodged            |    20 |    37 ||    57

Levels and vault maps discovered:
D:1:      giann_wishing_wells, layout_loops_ring,
          chequers_ecumenical_altar_simple
D:2:      layout_basic, uniq_jessica
D:3:      layout_rooms, mainiacjoe_overflow_catwalk,
          mainiacjoe_overflow_concentric_impassable, serial_glass,
          glass_columns_c, glass_columns_b

Notes
Turn   | Place    | Note
-------+----------+-------------------------------------------
     0 | D:1      | sanka the Gnoll Conjurer began the quest for the Orb.
     0 | D:1      | Reached XP level 1. HP: 13/13 MP: 6/6
   183 | D:1      | Reached XP level 2. HP: 19/19 MP: 5/7
   663 | D:1      | Reached XP level 3. HP: 25/25 MP: 6/9
   725 | D:1      | Reached skill level 5 in Spellcasting
   882 | D:1      | Reached skill level 1 in Invocations
  1017 | D:1      | Found a faded altar of an unknown god.
  1220 | D:3      | Reached skill level 1 in Fighting
  1220 | D:3      | Reached skill level 1 in Short Blades
  1220 | D:3      | Reached skill level 1 in Long Blades
  1220 | D:3      | Reached skill level 1 in Axes
  1220 | D:3      | Reached skill level 1 in Maces & Flails
  1220 | D:3      | Reached skill level 1 in Polearms
  1220 | D:3      | Reached skill level 1 in Staves
  1220 | D:3      | Reached skill level 1 in Slings
  1220 | D:3      | Reached skill level 1 in Bows
  1220 | D:3      | Reached skill level 1 in Crossbows
  1220 | D:3      | Reached skill level 1 in Throwing
  1220 | D:3      | Reached skill level 1 in Armour
  1220 | D:3      | Reached skill level 1 in Shields
  1220 | D:3      | Reached skill level 1 in Unarmed Combat
  1220 | D:3      | Reached skill level 1 in Evocations
  1220 | D:3      | Reached XP level 4. HP: 32/32 MP: 11/11
  1706 | D:3      | Found a radiant altar of Vehumet.
  1813 | D:3      | Reached skill level 1 in Hexes
  1813 | D:3      | Reached skill level 1 in Summonings
  1813 | D:3      | Reached skill level 1 in Necromancy
  1813 | D:3      | Reached skill level 1 in Translocations
  1813 | D:3      | Reached skill level 1 in Transmutations
  1813 | D:3      | Reached skill level 1 in Fire Magic
  1813 | D:3      | Reached skill level 1 in Ice Magic
  1813 | D:3      | Reached skill level 1 in Air Magic
  1813 | D:3      | Reached skill level 1 in Earth Magic
  1813 | D:3      | Reached skill level 1 in Poison Magic
  1964 | D:2      | Learned a level 2 spell: Searing Ray
  2246 | D:2      | Noticed Jessica
  2254 | D:2      | Reached XP level 5. HP: 37/37 MP: 10/12
  2261 | D:2      | HP: 1/37 [Jessica (8)]
  2262 | D:2      | Succumbed to an adder's poison

Vanquished Creatures
  5 gnolls
  2 adders (D:2)
  A worm (D:2)
  A dart slug (D:1)
  An orc (D:3)
  3 bats (D:3)
  An endoplasm (D:1)
  4 giant cockroaches
  5 goblins
  5 hobgoblins
  3 jackals (D:1)
  8 kobolds
  A quokka (D:1)
  5 ball pythons
  4 frilled lizards
  5 rats
54 creatures vanquished.
